 Dungeon Crawl Stone Soup version 0.25.1-2-g60ff931 (webtiles) character file.

Game seed: 9933383212235874519

2631 2bobheroes the Chucker (level 9, 0/75 HPs)
             Began as a Minotaur Assassin on Sept 12, 2020.
             Was a Believer of Okawaru.
             Slain by an orc warrior
             ... wielding a +0 glaive
              (16 damage)
             ... on level 7 of the Dungeon.
             The game lasted 00:18:37 (7364 turns).

2bobheroes the Chucker (Minotaur Assassin)          Turns: 7364, Time: 00:18:37

Health: 0/75       AC:  9    Str: 17    XL:     9   Next: 35%
Magic:  8/8        EV: 12    Int:  8    God:    Okawaru [**....]
Gold:   367        SH:  0    Dex: 14    Spells: 8/8 levels left

rFire    . . .     SeeInvis .   J - +2 whip (venom)
rCold    . . .     Gourm    .   (no shield)
rNeg     . . .     Faith    .   b - +0 scale mail
rPois    .         Spirit   .   (helmet restricted)
rElec    .         Reflect  .   c - +0 cloak
rCorr    .         Harm     .   N - +0 pair of gloves
MR       .....                  (no boots)
Stlth    ..........             (no amulet)
HPRegen  0.22/turn              (no ring)
MPRegen  0.11/turn              (no ring)

@: confused, stab
A: retaliatory headbutt, horns 2
a: Heroism, Renounce Religion


You were on level 7 of the Dungeon.
You worshipped Okawaru.
Okawaru was pleased with you.
You were near starving.

You visited 1 branch of the dungeon, and saw 7 of its levels.

You collected 367 gold pieces.

Inventory:

Hand Weapons
 a - a +0 long sword
 j - a +0 dagger of protection
 m - a +0 hunting sling
 G - the +8 dagger "Bizxythra" {protect, *Noise rC+ Int+3 Stlth+}
   (You found it on level 4 of the Dungeon)

   It grants its wielder temporary protection when it strikes (+7 to AC).
   It affects your intelligence (+3).
   It protects you from cold.
   It may make noises in combat.
   It makes you more stealthy.
 J - a +2 whip of venom (weapon)
 L - a +1 spear of flaming
 Q - a +0 battleaxe
 U - a +0 whip of electrocution
Missiles
 d - 34 poisoned darts (quivered)
 e - 2 curare-tipped darts
 h - 177 stones
 k - a throwing net
 l - 80 bolts
 y - 5 javelins
 A - 88 sling bullets
 F - 208 arrows
Armour
 b - a +0 scale mail (worn)
 c - a +0 cloak (worn)
 w - a +0 ring mail
 N - a +0 pair of gloves (worn)
Jewellery
 g - an uncursed ring of magical power {unknown}
 B - an uncursed amulet of reflection
 D - an uncursed ring of stealth {unknown}
 K - an uncursed ring of wizardry
 M - an uncursed amulet of magic regeneration {unknown}
 P - an uncursed ring of stealth {unknown}
Wands
 E - a wand of enslavement (16)
 O - a wand of disintegration (13)
Scrolls
 n - 7 scrolls of remove curse {unknown}
 r - 11 scrolls of identify {unknown}
 x - a scroll of magic mapping {unknown}
 z - 2 scrolls of fear {unknown}
 C - 2 scrolls of enchant weapon {unknown}
 H - 2 scrolls of amnesia {unknown}
 I - 2 scrolls of teleportation {unknown}
 S - a scroll of summoning {unknown}
 T - a scroll of holy word {unknown}
Potions
 i - a potion of might {unknown}
 o - a potion of berserk rage {unknown}
 p - a potion of brilliance {unknown}
 q - a potion of ambrosia
 s - a potion of flight {unknown}
 t - 3 potions of stabbing
 u - 4 potions of curing
 V - a potion of invisibility {unknown}
Comestibles
 f - 18 rations


   Skills:
 + Level 6.0 Fighting
 - Level 4.3 Short Blades
 * Level 4.1(4.4) Axes
 - Level 2.1(3.4) Polearms
 * Level 7.0 Throwing
 + Level 5.4 Armour
 + Level 5.1 Dodging
 + Level 5.4 Stealth


You had 8 spell levels left.
You didn't know any spells.
Your spell library contained the following spells:

 Spells                   Type           Power        Failure   Level  Hunger
 Beastly Appendage        Tmut           #.....       80%         1    ##.....
 Sandblast                Erth           #.....       80%         1    ##.....
 Passwall                 Tmut/Erth      #.......     90%         2    ###....
 Sticks to Snakes         Tmut           #.......     90%         2    ###....
 Spider Form              Tmut/Pois      #.........   99%         3    ####...
 Stone Arrow              Conj/Erth      #.....       99%         3    ####...
 Ice Form                 Ice/Tmut       #.......     100%        4    #####..
 Petrify                  Tmut/Erth      #.......     100%        4    #####..
 Blade Hands              Tmut           #.........   100%        5    ######.
 Lee's Rapid Deconstruct  Erth           #.........   100%        5    ######.


Dungeon Overview and Level Annotations

Branches:
Dungeon (7/15)
 Temple: D:4-7

Altars:
Cheibriados
Makhleb
Nemelex Xobeh
Okawaru
Qazlal
Sif Muna
Wu Jian
Xom


Innate Abilities, Weirdness & Mutations

You reflexively headbutt those who attack you in melee.
You have a pair of horns on your head.


Message History

The orc warrior hits you with a +0 glaive!!
You hit the orc warrior.
The orc warrior is lightly wounded.
You hit the orc warrior but do no damage.
The orc warrior is poisoned.
The orc warrior is lightly wounded.
The orc warrior hits you with a +0 glaive.
You hit the orc warrior. You headbutt the orc warrior.
The orc warrior is heavily wounded.
The orc warrior hits you with a +0 glaive!!
* * * LOW HITPOINT WARNING * * *
It was a potion of stabbing.
You feel ready to backstab. The orc warrior closely misses you.
It was a potion of curing.
You feel better.
It was a potion of ambrosia.
You are confused.
You feel invigorated.
The orc warrior hits you with a +0 glaive!
You die...

# # # # ## .#
####### .#
#<@oo.# '#####
#####.# .....#
#.###### .....#
########o.....#
.....# #.#
#.....##..###.#
.....# #.#
#.###.##o.# #.#
....## #.# #.#
#.##..###.#
....# #.# #.#
#.##....#.#
....## #.# #.#
#....##.#.#####


You could see an orc warrior (very poisoned) and an orc.

Vanquished Creatures
  Pikel (D:7)
  A steam dragon (D:7)
  An orc warrior (D:7)
  A slave (D:7)
  2 ice beasts
  A sky beast (D:6)
  An ogre (D:4)
  A phantom (D:4)
  3 centaurs
  A bullfrog (D:6)
  A water moccasin zombie (D:3)
  A wyvern skeleton (D:6)
  A scorpion (D:6)
  2 crimson imps
  A centaur zombie (D:5)
  3 hounds
  4 orc priests
  3 orc wizards
  A gnoll shaman (D:4)
  2 iguanas (D:6)
  7 worker ants
  10 gnolls
  11 adders
  2 shadow imps (D:6)
  An ooze (D:2)
  2 adder zombies (D:6)
  2 adder skeletons
  2 worms
  2 dart slugs (D:1)
  8 leopard geckos
  25 orcs
  3 giant cockroaches
  8 goblins
  7 hobgoblins
  12 jackals
  12 kobolds
  3 quokkas
  3 ball pythons
  8 bats
  6 frilled lizards
  A leopard gecko skeleton (D:4)
  A quokka skeleton (D:4)
  9 rats
177 creatures vanquished.

Vanquished Creatures (others)
  An orc wizard (D:7)
  An orc priest (D:7)
2 creatures vanquished.

Grand Total: 179 creatures vanquished

Notes
Turn   | Place    | Note
-------+----------+-------------------------------------------
     0 | D:1      | 2bobheroes the Minotaur Assassin began the quest for the
                  | Orb.
     0 | D:1      | Reached XP level 1. HP: 18/18 MP: 0/0
   129 | D:1      | Reached XP level 2. HP: 16/25 MP: 1/1
   552 | D:1      | Reached skill level 1 in Armour
   671 | D:1      | Reached XP level 3. HP: 26/30 MP: 2/2
  1355 | D:2      | Found a stormy altar of Qazlal.
  1671 | D:2      | You fall into a shaft and drop 1 floor!
  1736 | D:3      | Reached skill level 3 in Throwing
  1755 | D:3      | Reached XP level 4. HP: 28/37 MP: 3/3
  1954 | D:3      | Reached XP level 5. HP: 45/45 MP: 4/4
  2539 | D:3      | Found an ornate altar of the Wu Jian Council.
  2539 | D:3      | Found a sparkling altar of Nemelex Xobeh.
  2851 | D:2      | Found a shimmering altar of Xom.
  3098 | D:2      | Found a shimmering blue altar of Sif Muna.
  3557 | D:4      | Got a twisted dagger
  3558 | D:4      | Identified the +8 dagger "Bizxythra" {protect, *Noise rC+
                  | Int+3 Stlth+} (You found it on level 4 of the Dungeon)
  3658 | D:4      | Noticed a phantom
  3673 | D:4      | Killed a phantom
  3673 | D:4      | Reached XP level 6. HP: 39/51 MP: 5/5
  3758 | D:4      | Reached skill level 4 in Throwing
  3971 | D:4      | Reached XP level 7. HP: 47/59 MP: 6/6
  4164 | D:4      | Found a snail-covered altar of Cheibriados.
  4203 | D:4      | Found an iron altar of Okawaru.
  4272 | D:4      | Became a worshipper of Warmaster Okawaru
  4650 | D:5      | Entered Level 5 of the Dungeon
  4721 | D:5      | Reached skill level 5 in Throwing
  4815 | D:5      | Reached * piety under Okawaru
  4880 | D:5      | Reached XP level 8. HP: 61/67 MP: 7/7
  5290 | D:5      | Found a burning altar of Makhleb.
  5398 | D:6      | Reached skill level 1 in Polearms
  5423 | D:6      | Reached skill level 5 in Fighting
  5742 | D:6      | Reached skill level 6 in Throwing
  5989 | D:6      | Reached skill level 1 in Axes
  6066 | D:6      | Reached skill level 5 in Stealth
  6362 | D:7      | Reached ** piety under Okawaru
  6499 | D:7      | Noticed Pikel
  6536 | D:7      | Reached skill level 5 in Armour
  6536 | D:7      | Reached XP level 9. HP: 47/74 MP: 8/8
  6540 | D:7      | Killed Pikel
  6540 | D:7      | Reached skill level 5 in Dodging
  6782 | D:7      | Reached skill level 7 in Throwing
  7364 | D:7      | Slain by an orc warrior

Illustrated notes

Levels and vault maps discovered:
D:1:      minmay_arrival_open_corners, layout_basic,
          hangedman_abyss_or_decor_stabs
D:2:      layout_basic, old_standard_altar, lemuel_doored_altar, led_sif_pool,
          minmay_pentomino_p4
D:3:      layout_basic, gammafunk_temple_overflow_wave
D:4:      layout_loops_corners, cheibriados_altar_1, kennysheep_mini_moat,
          first_ration, guppyfry_early_lair_pool
D:5:      layout_cave_pools, grunt_ministairs_8, makhleb_heckhound_becter
D:6:      layout_loops_ring, hangedman_minor_gate_pass
D:7:      layout_basic, minmay_temple_entry_junction_2, fedhas_altar_1,
          uniq_harold, uniq_duvessa, uniq_pikel

Skill      XL: |  1  2  3  4  5  6  7  8  9 |
---------------+----------------------------+-----
Armour         | 1 2 3 4 5 |  5.4
Throwing       | 3 4 5 6 7 |  7.0
Fighting       | 3 4 5 6 |  6.0
Dodging        | 2 3 4 5 |  5.1
Short Blades   | 3 4 |  4.3
Stealth        | 4 5 |  5.4
Polearms       | 2 |  2.1
Axes           | 2 4 |  4.1

Action                   |  1- 3 |  4- 6 |  7- 9 || total
-------------------------+-------+-------+-------++-------
Melee: Dagger            |   143 |   194 |   162 ||   499
       Headbutt          |    19 |    34 |    46 ||    99
       Whip              |       |       |   103 ||   103
Throw: Dart              |       |     3 |       ||     3
  Use: Potion            |       |       |     3 ||     3
 Stab: Sleeping          |     7 |       |     6 ||    13
  Eat: Chunk             |     3 |     7 |     9 ||    19
Armor: Robe              |    47 |    27 |       ||    74
       Scale mail        |       |    47 |    90 ||   137
Dodge: Dodged            |    81 |    95 |   131 ||   307
